Map: Acropolis LE

Players

Neeb

  • Race: Protoss Protoss
  • Spawn Location: 11:00

ButAlways - Winner!

  • Race: Protoss Protoss
  • Spawn Location: 5:00

VOD

Have the link to the VOD?

Description

Time

  • Played on: Sept. 6, 2019, 8:24 p.m.
  • Length: 9:51
Show
View Real Time Build Order
Export as new Build Order

Neeb Protoss 

Build Orders:  

Get SALT Encoding   

  12  0:00  Probe  
  13  0:13  Probe  
  14  0:19  Pylon  
  14  0:24  Probe  
  15  0:33  Probe  
  15  0:39  Gateway  
  15  0:41  Probe  
  16  0:48  Assimilator  
  17  0:51  Probe  
  17  0:55  Assimilator  
  18  1:00  Probe  
  19  1:08  Gateway, Probe  
  19  1:18  Probe  
  21  1:26  Cybernetics Core  
  21  1:30  Probe  
  22  1:36  Pylon  
  22  1:42  Probe  
  23  1:54  Probe  
  24  2:03  Adept x2  
  24  2:04  Warp Gate  
  28  2:13  Probe  
  29  2:20  Pylon  
  29  2:33  Sentry  
  31  2:39  Sentry  
  33  2:53  Robotics Facility  
  33  3:00  Gateway  
  33  3:05  Stalker x2  
  38  3:06  Pylon  
  38  3:09  Pylon  
  38  3:11  Shield Battery  
  37  3:20  Shield Battery  
  36  3:28  Probe  
  36  3:31  Immortal  
  39  3:49  Probe  
  39  3:52  Pylon  
  40  4:00  Warp Prism  
  40  4:02  Probe  
  41  4:11  Pylon  
  43  4:22  Gateway  
  43  4:35  Immortal  
  43  4:38  Robotics Bay  
  42  4:47  Probe  
  43  5:05  Probe  
  44  5:11  Observer, Sentry  
  46  5:16  Pylon  
  47  5:24  Disruptor  
  50  5:39  Stalker x3  
  55  5:48  Pylon  
  55  6:12  Phoenix  
  55  6:14  Colossus  
  55  6:15  Gateway  
  55  6:40  Nexus  
  55  6:51  Sentry, Stalker  
  59  6:55  Stalker  
  61  7:10  Warp Prism  
  63  7:25  Stalker x3  
  63  7:28  Pylon  
  69  7:30  Stalker  
  62  8:04  Adept x4  
  70  8:42  Stalker x4  
  75  9:10  Zealot x2  
  72  9:18  Zealot  
  72  9:20  Zealot  
  53  9:47  Stalker  
Show
View Real Time Build Order
Export as new Build Order

ButAlways Protoss - Winner!

Build Orders:  

Get SALT Encoding   

  12  0:00  Probe  
  13  0:12  Probe  
  14  0:17  Pylon  
  14  0:24  Probe  
  15  0:32  Probe  
  15  0:37  Gateway  
  15  0:40  Probe  
  16  0:46  Assimilator  
  17  0:51  Probe  
  17  0:54  Assimilator  
  18  0:59  Probe  
  19  1:07  Probe  
  19  1:08  Gateway  
  19  1:17  Probe  
  20  1:25  Cybernetics Core  
  21  1:29  Probe  
  22  1:34  Pylon  
  22  1:41  Probe  
  23  1:51  Warp Gate  
  23  2:01  Stalker x2  
  27  2:10  Robotics Facility  
  27  2:18  Gateway  
  27  2:33  Stalker  
  27  2:34  Stalker  
  31  2:41  Pylon  
  31  2:48  Pylon  
  31  2:54  Warp Prism  
  32  3:30  Observer  
  33  3:38  Pylon  
  33  3:39  Sentry  
  33  3:40  Stalker x2  
  39  3:48  Immortal  
  43  4:02  Observer  
  43  4:21  Immortal  
  43  4:22  Adept x2  
  47  4:29  Pylon  
  51  4:45  Stargate  
  49  4:48  Stalker  
  49  5:06  Immortal  
  53  5:14  Observer  
  53  5:15  Pylon  
  53  5:22  Observer  
  53  5:23  Adept  
  53  5:27  Adept  
  57  5:33  Phoenix  
  59  5:55  Phoenix  
  59  6:01  Adept x2  
  59  6:18  Pylon  
  59  6:27  Stalker x2  
  59  6:28  Phoenix  
  63  6:36  Pylon  
  65  6:48  Observer  
  65  6:55  Phoenix  
  65  6:59  Adept x2  
  71  7:06  Pylon  
  71  7:27  Nexus  
  71  7:42  Immortal  
  73  8:00  Pylon  
  73  8:08  Void Ray  
  77  8:20  Observer  
  77  8:31  Immortal  
  81  8:48  Stalker  
  83  8:56  Stalker  
  85  9:12  Adept x2  
  80  9:24  Adept  
  64  9:43  Stalker x2  
Tags
 
Matchup
PvP
Spawn Locations
Cross Positions
Add a new tag
Caveats
  • Supply blocks, unpowered buildings, or Contaminate may cause inaccurate times.
  • Supply counts are checked every 10 seconds.